AoeStats
← Coquelicot

Arabia

506569332Analyzed
1v1 RM · 19d ago on Sep 14, 2026· 41m 53s· 2 players
Game mode
Random Map
Map size
Tiny (2 player)
Population
200
Speed
Normal
Resources
Standard
Victory
Conquest
Starting age
Dark Age
Ending age
Imperial Age
RankedLock teamsTeams togetherTeam positionsShared explorationLock speedFull tech treeHidden civsTurbo modeCheats
Victory
Defeat
🇧🇷 Magyars · Brazil
1539
+13
🇫🇷 Burgundians · France
1484
-13
Coquelicot
5:59 Loom
6:03 Loom
9:09 Feudal Age
8:21 Double-Bit Axe
10:26 Bow Saw
10:21 Horse Collar
14:08 Heavy Plow
19:17 Gold Mining
21:48 Castle Age
20:36 Scale Barding Armor
21:22 Forging
22:58 Chain Barding Armor
23:43 Two-Man Saw
26:59 Gold Shaft Mining
27:01 Wheelbarrow
27:40 Crop Rotation
29:23 Husbandry
34:17 Iron Casting
38:49 Imperial Age
38:34 Cavalier
39:45 Hand Cart
40:49 Hand Cart
42:10 Plate Barding Armor
Anorak
7:48 Loom
9:53 Feudal Age
10:26 Double-Bit Axe
18:58 Wheelbarrow
20:26 Castle Age
18:39 Fletching
19:20 Gold Mining
20:30 Padded Archer Armor
20:20 Horse Collar
21:33 Heavy Plow
21:45 Bow Saw
22:14 Crossbowman
24:38 Bodkin Arrow
34:33 Imperial Age
31:49 Town Watch
32:39 Wheelbarrow
32:23 Scale Barding Armor
33:11 Bloodlines
34:10 Hand Cart
33:56 Town Patrol
35:41 Cavalier
39:43 Chain Barding Armor
39:29 Husbandry
41:55 Plate Barding Armor
Connection lost

Rejoining the realm…

Still unreachable

The connection could not be restored.

Session expired

The server has moved on; the page needs a fresh start.